 Dungeon Crawl Stone Soup version 0.30.1-3-gfc49f6343a (webtiles) character file.

Game seed: 16723634924143016444

164 wolfrpgdude the Magician (level 5, -2/39 HPs)
             Began as a Draconian Hedge Wizard on Aug 2, 2023.
             Slain by a gnoll
             ... wielding a +0 flail
              (7 damage)
             ... on level 2 of the Dungeon.
             The game lasted 00:09:18 (2312 turns).

wolfrpgdude the Magician (Draconian Hedge Wizard)   Turns: 2312, Time: 00:09:19

Health: -2/39      AC:  9    Str: 12    XL:     5   Next: 21%
Magic:  4/11       EV: 12    Int: 16    God:
Gold:   117        SH:  0    Dex: 11    Spells: 8/12 levels left

rFire   . . .        d - +4 dagger
rCold   . . .        (no shield)
rNeg    . . .        (body armour unavailable)
rPois   .            b - +1 hat
rElec   .            (no cloak)
rCorr   .            k - +2 pair of gloves
SInv    .            (no boots)
Will    .....        (no amulet)
Stlth   ++           (no ring)
HPRegen 0.26/turn    (no ring)
MPRegen 0.12/turn

%: no passive effects
@: no status effects
A: AC +5, unfitting armour, cold-blooded
a: no special abilities


You were on level 2 of the Dungeon.
You visited 1 branch of the dungeon, and saw 4 of its levels.

You collected 117 gold pieces.

Inventory:

Hand Weapons
 d - a +4 dagger (weapon)
Armour
 b - a +1 hat (worn)
 k - a +2 pair of gloves (worn)
Jewellery
 e - a ring of resist corrosion
Potions
 a - 2 potions of degeneration {unknown}
 c - a potion of magic
 f - a potion of curing {unknown}
 h - 2 potions of haste {unknown}
 i - a potion of brilliance {unknown}
 j - a potion of lignification {unknown}


   Skills:
 + Level 0.5 Fighting
 + Level 1.2 Short Blades
 + Level 2.5 Dodging
 + Level 2.2 Stealth
 + Level 4.1 Spellcasting
 + Level 2.7 Conjurations
 + Level 1.0 Summonings
 + Level 1.0 Translocations


You had 8 spell levels left.
You knew the following spells:

 Your Spells              Type           Power      Damage    Failure   Level
a - Magic Dart            Conj           48%        1d5       5%          1
b - Mephitic Cloud        Conj/Pois/Air  6%         N/A       34%         3

Your spell library contained the following spells:

 Spells                   Type           Power      Damage    Failure   Level
 Slow                     Hex            12%        N/A       17%         1
 Blink                    Tloc           12%        N/A       17%         2
 Call Imp                 Summ           12%        N/A       17%         2
 Cigotuvi's Dreadful Rot  Necr/Pois/Air  6%         N/A       26%         2


Dungeon Overview and Level Annotations

Branches:
Dungeon (4/15)
 Temple: D:4-7

Altars:

Shops:
D:2 (


Innate Abilities, Weirdness & Mutations

Your plain brown scales are hard. (AC +5)
You cannot fit into any form of body armour.
You are cold-blooded and may be slowed by cold attacks.


Message History

Aim: a gnoll, wielding a +0 flail (severely wounded, 100% to hit)
The magic dart hits the gnoll.
You kill the gnoll!
The gnoll closely misses you.
Casting: Magic Dart (safe; 5% risk of failure)
Confirm with . or Enter, or press ? or * to list all spells.
Aiming: Magic Dart (safe; 5% risk of failure)
Press: ? - help, Shift-Dir - straight line, f - gnoll
Aim: a gnoll, wielding a +0 flail (100% to hit)
The magic dart hits the gnoll.
The gnoll is lightly wounded.
The gnoll hits you with a +0 flail!
Casting: Magic Dart (safe; 5% risk of failure)
Confirm with . or Enter, or press ? or * to list all spells.
Aiming: Magic Dart (safe; 5% risk of failure)
Press: ? - help, Shift-Dir - straight line, f/p - gnoll
Aim: a gnoll, wielding a +0 flail (lightly wounded, 100% to hit)
The magic dart hits the gnoll.
The gnoll is moderately wounded.
The gnoll hits you but does no damage.
Casting: Magic Dart (safe; 5% risk of failure)
Confirm with . or Enter, or press ? or * to list all spells.
Aiming: Magic Dart (safe; 5% risk of failure)
Press: ? - help, Shift-Dir - straight line, f/p - gnoll
Aim: a gnoll, wielding a +0 flail (moderately wounded, 100% to hit)
The magic dart hits the gnoll.
The gnoll is heavily wounded.
The gnoll barely misses you.
Casting: Magic Dart (safe; 5% risk of failure)
Confirm with . or Enter, or press ? or * to list all spells.
Aiming: Magic Dart (safe; 5% risk of failure)
Press: ? - help, Shift-Dir - straight line, f/p - gnoll
Aim: a gnoll, wielding a +0 flail (heavily wounded, 100% to hit)
The magic dart hits the gnoll.
The gnoll is severely wounded.
The gnoll hits you with a +0 flail!
* * * LOW HITPOINT WARNING * * *
Items here: )) ††.
The gnoll attacks as you move away! The gnoll hits you with a +0 flail!
You die...

.######.†.######...........#
.....####......#...........#
......########.#...........#
.......# #....).......##
.......# ###^#......>##
.......# #.####.####
.......# #.# #.# .......#
#.# #.# .......# #@# #.#
.......# #g# #.#
.......#########)## #.#
..................# #.#
......(############ #.#
......#### #.# .........##
#.# #..#####..# #.# ...#
##.## #.#


You could see a gnoll.

Vanquished Creatures
  An orc priest (D:2)
  Jessica (D:2)
  2 gnolls (D:2)
  3 adders (D:2)
  2 worms (D:2)
  A dart slug (D:2)
  3 bats (D:1)
  5 endoplasms
  2 giant cockroaches
  7 goblins
  4 hobgoblins
  5 jackals (D:1)
  7 kobolds
  A quokka (D:1)
  3 ball pythons
  4 frilled lizards
  5 rats
56 creatures vanquished.

Notes
Turn   | Place    | Note
-------+----------+-------------------------------------------
     0 | D:1      | wolfrpgdude the Draconian Hedge Wizard began the quest for
                  | the Orb.
     0 | D:1      | Reached XP level 1. HP: 14/14 MP: 4/4
   247 | D:1      | Reached XP level 2. HP: 20/20 MP: 0/6
   806 | D:1      | Learned a level 2 spell: Blink
   835 | D:1      | Found a faded altar of an unknown god.
   843 | D:1      | Reached XP level 3. HP: 26/26 MP: 6/8
  1275 | D:2      | You fall into a shaft and drop 2 floors!
  1314 | D:2      | Noticed Jessica
  1323 | D:2      | Killed Jessica
  1326 | D:2      | Reached XP level 4. HP: 17/34 MP: 9/9
  1338 | D:2      | Found Miujits's Weapon Emporium.
  1525 | D:2      | Reached skill level 1 in Short Blades
  1769 | D:2      | Learned a level 3 spell: Mephitic Cloud
  2186 | D:2      | Reached skill level 4 in Spellcasting
  2186 | D:2      | Reached XP level 5. HP: 16/39 MP: 9/11
  2312 | D:2      | Slain by a gnoll

Illustrated notes

Levels and vault maps discovered:
D:1:      psy_arrival_spokes, layout_basic,
          hellmonk_ecumenical_altar_arch_garden
D:2:      layout_rooms, serial_shops, nicolae_shop_waterfront, uniq_jessica
D:3:      layout_loops_corners, lemuel_tele_altar, mainiacjoe_overflow_paths,
          kennysheep_flooded_box
D:4:      layout_cave_pods, mainiacjoe_overflow_small_starburst, fedhas_altar_2,
          kennysheep_small_spiral, grunt_ministairs_7, uniq_edmund,
          uniq_crazy_yiuf_cottage

Skill      XL: |  1  2  3  4 |
---------------+-------------+-----
Dodging        | 2 |  2.5
Stealth        | 2 |  2.2
Short Blades   | 1 |  1.2
Conjurations   | 2 |  2.7
Spellcasting   | 4 |  4.1
Fighting       | |  0.5
Summonings     | |  1.0
Translocations | |  1.0

Action                     |  1- 3 |  4- 6 || total
---------------------------+-------+-------++-------
  Melee: Dagger            |    51 |    36 ||    87
         Tailslap          |     9 |     2 ||    11
   Cast: Magic Dart        |    61 |    47 ||   108
    Use: Scroll            |       |     3 ||     3
   Stab: Sleeping          |     1 |       ||     1
 Armour: Skin              |    18 |    13 ||    31
  Dodge: Dodged            |    53 |    31 ||    84
